Map: Ulrena

Players

RayFlex

  • Race: Protoss Protoss
  • Spawn Location: 11:00

zidar - Winner!

  • Race: Zerg Zerg
  • League: Silver
  • Spawn Location: 7:00

VOD

Have the link to the VOD?

Description

Time

  • Played on: Dec. 16, 2015, 10:35 a.m.
  • Length: 2:40
Show
View Real Time Build Order
Export as new Build Order

RayFlex Protoss 

Build Orders:  

Get SALT Encoding   

  12  0:02  Probe (Chrono Boost)  
  13  0:16  Pylon  
  13  0:19  Probe (Chrono Boost)  
  14  0:29  Probe (Chrono Boost)  
  15  0:39  Gateway  
  15  0:42  Probe (Chrono Boost)  
  16  0:50  Assimilator  
  16  0:52  Probe (Chrono Boost)  
  17  1:03  Probe (Chrono Boost)  
  18  1:11  Gateway  
  18  1:17  Assimilator  
  18  1:27  Zealot  
  20  1:35  Pylon  
  20  1:39  Cybernetics Core  
  20  1:47  Probe (Chrono Boost)  
  21  1:57  Gateway  
  21  1:58  Probe (Chrono Boost)  
  23  2:08  Probe (Chrono Boost)  
  23  2:10  Forge  
  23  2:19  Probe (Chrono Boost)  
  22  2:29  Probe (Chrono Boost)  
  25  2:33  Pylon  
Show
View Real Time Build Order
Export as new Build Order

zidar Zerg - Winner!

Build Orders: Pool First 

Get SALT Encoding   

  12  0:14  Drone x2  
  14  0:27  Spawning Pool  
  13  0:30  Drone  
  14  0:43  Overlord, Extractor  
  13  1:15  Hatchery  
  12  1:22  Zergling x2  
  13  1:26  Zergling x2  
  13  1:31  Zergling x2  
  15  1:45  Queen  
  17  2:05  Zergling x6  
Tags
 
League
Silver
Matchup
PvZ
Opening
Pool First
Spawn Locations
Close Positions
Add a new tag
Caveats
  • Supply blocks, unpowered buildings, or Contaminate may cause inaccurate times.
  • Supply counts are checked every 10 seconds.